Map: Berlingrad LE

Players

trivium

  • Race: Protoss Protoss
  • League: Master
  • Spawn Location: 5:00

DoubleDouble - Winner!

  • Race: Zerg Zerg
  • League: Master
  • Spawn Location: 11:00

VOD

Have the link to the VOD?

Description

Time

  • Played on: Dec. 29, 2021, 3:20 p.m.
  • Length: 8:39
Show
View Real Time Build Order
Export as new Build Order

trivium Protoss 

Build Orders: 1 Gate Expand, Oracle Opening, Zealot Archon 

Get SALT Encoding   

  12  0:00  Probe  
  13  0:16  Pylon  
  13  0:17  Probe (Chrono Boost)  
  14  0:27  Probe (Chrono Boost)  
  15  0:32  Probe  
  16  0:41  Gateway  
  16  0:44  Probe  
  17  0:53  Assimilator  
  17  0:56  Probe  
  18  1:09  Probe  
  19  1:21  Probe  
  20  1:31  Nexus  
  20  1:38  Cybernetics Core  
  20  1:39  Probe  
  21  1:51  Probe, Assimilator  
  22  1:54  Pylon  
  22  2:04  Probe  
  23  2:12  Adept (Chrono Boost)  
  25  2:16  Probe  
  25  2:18  Warp Gate  
  26  2:28  Probe  
  27  2:40  Probe, Stargate  
  27  2:43  Probe  
  29  2:48  Shield Battery  
  29  2:52  Probe, Gateway  
  29  2:55  Adept  
  32  3:01  Probe  
  32  3:04  Probe  
  34  3:10  Pylon  
  34  3:14  Probe  
  34  3:16  Probe  
  36  3:23  Void Ray (Chrono Boost)  
  36  3:26  Probe  
  41  3:29  Probe  
  42  3:35  Pylon  
  42  3:38  Probe  
  42  3:41  Probe  
  44  3:50  Probe, Oracle (Chrono Boost)  
  44  3:53  Probe  
  49  4:02  Probe  
  50  4:05  Probe  
  51  4:11  Zealot  
  51  4:13  Pylon  
  51  4:14  Probe  
  54  4:17  Probe  
  54  4:23  Twilight Council  
  55  4:25  Pylon  
  55  4:26  Probe  
  55  4:28  Forge  
  55  4:29  Probe  
  57  4:38  Probe  
  57  4:41  Nexus  
  57  4:42  Pylon  
  57  4:44  Probe  
  59  4:50  Probe  
  60  4:54  Gateway  
  60  4:55  Gateway  
  60  4:56  Probe  
  60  4:58  Charge (Chrono Boost)  
  61  5:02  Probe  
  62  5:08  Probe  
  62  5:13  Protoss Ground Weapons Level 1 (Chrono Boost)  
  63  5:16  Probe  
  63  5:20  Probe  
  63  5:21  Shield Battery  
  65  5:24  Assimilator  
  65  5:25  Assimilator  
  65  5:31  Pylon  
  65  5:34  Pylon  
  65  5:37  Templar Archives  
  65  5:39  Gateway  
  65  5:43  Gateway  
  65  5:44  Probe  
  65  5:45  Robotics Facility  
  65  5:47  Probe  
  65  5:48  Gateway  
  67  5:53  Gateway  
  67  5:56  Probe, Gateway  
  67  5:57  Probe  
  69  6:01  Gateway  
  69  6:11  Gateway  
  69  6:12  Pylon  
  69  6:16  Probe  
  70  6:23  Pylon  
  70  6:29  Probe  
  71  6:35  Pylon  
  71  6:38  Pylon  
  71  6:39  Gateway  
  71  6:41  Gateway  
  71  6:47  Stalker x4, Warp Prism (Chrono Boost)  
  71  6:48  Zealot x2  
  71  6:49  Zealot  
  71  6:50  Zealot  
  89  7:06  Pylon  
  89  7:19  High Templar x3  
  89  7:20  High Templar  
  89  7:21  Zealot x3  
  89  7:22  Zealot x3  
  107  7:27  Assimilator x2  
  107  7:28  Pylon  
  109  7:30  Pylon, Archon x2  
  109  7:31  Probe  
  109  7:32  Probe x2  
  112  7:40  Pylon  
  112  7:42  Pylon, Stalker x3  
  112  7:43  Zealot x2  
  122  7:46  Zealot  
  122  7:47  Zealot  
  126  7:53  High Templar  
  128  8:00  High Templar, Zealot x2  
  128  8:01  Zealot  
  136  8:11  Zealot x2  
  136  8:12  Zealot  
  136  8:18  Zealot x4  
  126  8:25  Zealot x4  
Show
View Real Time Build Order
Export as new Build Order

DoubleDouble Zerg - Winner!

Build Orders: Hatch First 

Get SALT Encoding   

  12  0:00  Drone  
  13  0:13  Overlord  
  13  0:17  Drone  
  14  0:32  Drone x2  
  16  0:46  Drone  
  16  0:47  Drone  
  18  0:56  Hatchery  
  17  1:00  Extractor  
  16  1:11  Spawning Pool  
  16  1:14  Drone  
  16  1:19  Drone  
  16  1:23  Drone  
  18  1:29  Drone  
  19  1:43  Drone  
  20  1:54  Hatchery  
  20  2:00  Metabolic Boost  
  19  2:02  Zergling x2  
  19  2:04  Zergling x2  
  21  2:10  Drone  
  21  2:13  Drone  
  23  2:20  Drone  
  23  2:22  Queen  
  26  2:27  Overlord  
  26  2:31  Drone  
  26  2:35  Drone  
  28  2:51  Drone  
  28  2:52  Drone x2  
  28  2:55  Queen  
  28  2:57  Drone  
  28  2:58  Queen  
  36  3:06  Zergling x4  
  36  3:08  Queen  
  36  3:11  Overlord  
  40  3:20  Drone x2  
  42  3:37  Spore Crawler  
  42  3:39  Spore Crawler  
  40  3:49  Drone x4  
  40  3:50  Drone x2  
  40  3:52  Drone  
  40  3:53  Overlord x2  
  47  4:00  Pneumatized Carapace  
  47  4:03  Queen  
  47  4:08  Overlord  
  47  4:09  Overlord  
  49  4:11  Queen  
  49  4:15  Overlord  
  50  4:23  Drone x5  
  50  4:24  Drone  
  56  4:31  Drone x4  
  60  4:42  Drone x5  
  64  4:52  Baneling Nest  
  63  4:54  Lair  
  63  5:03  Drone x11  
  63  5:05  Extractor  
  63  5:06  Extractor x2  
  71  5:09  Spore Crawler  
  70  5:19  Roach Warren  
  67  5:26  Overlord x3  
  67  5:31  Drone x4, Extractor x2  
  67  5:32  Drone  
  67  5:33  Drone x6  
  76  5:46  Drone x2  
  76  5:49  Drone  
  80  5:50  Drone  
  80  5:51  Evolution Chamber  
  79  5:57  Hatchery  
  79  6:00  Roach x6  
  90  6:19  Extractor  
  90  6:22  Roach x4  
  90  6:23  Overlord x4  
  90  6:24  Zerg Missile Weapons Level 1  
  97  6:27  Hydralisk Den  
  96  6:38  Roach  
  98  6:45  Glial Reconstitution  
  98  6:50  Roach x12  
  122  7:04  Lurker Den  
  122  7:08  Overseer  
  121  7:10  Overlord, Muscular Augments  
  121  7:11  Overlord x3  
  121  7:27  Overlord x4  
  121  7:28  Roach x3  
  121  7:29  Roach x6  
  139  7:47  Hydralisk x4  
  139  7:48  Hydralisk x4  
  139  7:51  Roach x2  
  159  7:53  Ravager x3  
  159  7:55  Ravager  
  163  8:03  Roach x5  
  171  8:13  Roach x5  
  171  8:17  Roach x2  
Tags
 
Add a new tag
Caveats
  • Supply blocks, unpowered buildings, or Contaminate may cause inaccurate times.
  • Supply counts are checked every 10 seconds.